 Dungeon Crawl Stone Soup version 0.17.1-3-g152610e (webtiles) character file.

155 Jerry the Shield-Bearer (level 5, 0/45 HPs)
             Began as a Centaur Fighter on Mar 9, 2016.
             Succumbed to a kobold's poison
             ... on level 3 of the Dungeon.
             The game lasted 00:08:31 (2510 turns).

Jerry the Shield-Bearer (Centaur Fighter)           Turns: 2510, Time: 00:08:31

Health: 0/45       AC:  6    Str: 19    XL:     5   Next: 14%
Magic:  1/5        EV:  6    Int:  7    God:
Gold:   142        SH:  9    Dex:  9    Spells: 0 memorised, 4 levels left

rFire  . . .     SeeInvis .     a - +0 trident
rCold  . . .     Clarity  .     b - +0 scale mail
rNeg   . . .     SustAt   .     c - +0 shield
rPois  .         Gourm    .     (no helmet)
rElec  .         Spirit   +     (no cloak)
rCorr  .         Warding  .     (no gloves)
rMut   .         Stasis   .     (no barding)
MR     .....                    r - amulet of guardian spirit
Stlth  ..........               (no ring)
                                (no ring)

@: lethally poisoned (0 -> -6), very quick, not resistant to hostile
enchantments, extremely unstealthy
A: hooves 3, deformed body, speed 2, tough skin 3
a: no special abilities


You were on level 3 of the Dungeon.
You were not hungry.

You visited 1 branch of the dungeon, and saw 3 of its levels.

You collected 142 gold pieces.

Inventory:

Hand Weapons
 a - a +0 trident (weapon)
Armour
 b - a +0 scale mail (worn)
 c - a +0 shield (worn)
Jewellery
 r - an amulet of guardian spirit (around neck)
 s - an uncursed amulet of resist mutation
Scrolls
 g - a scroll of amnesia {unknown}
 i - 2 scrolls of identify
 l - a scroll of remove curse {unknown}
 m - a scroll of immolation {unknown}
 n - a scroll of random uselessness {unknown}
 p - 3 scrolls of teleportation
 x - a scroll of noise {unknown}
 y - a scroll of fear {unknown}
Potions
 d - a potion of might
 f - a potion of resistance {unknown}
 h - a potion of ambrosia {unknown}
 j - a potion of degeneration {unknown}
 k - a potion of curing {unknown}
 q - 3 potions of flight {unknown}
 t - a potion of agility {unknown}
 v - a potion of heal wounds {unknown}
 w - a potion of invisibility {unknown}
 z - a potion of haste {unknown}
Comestibles
 e - 3 bread rations
 o - 2 meat rations
 u - 3 chunks of flesh


   Skills:
 - Level 3.0 Fighting
 + Level 2.6 Polearms
 - Level 2.1 Armour
 + Level 1.6 Dodging
 * Level 3.5 Shields


You had 4 spell levels left.
You didn't know any spells.

Dungeon Overview and Level Annotations

Branches:
Dungeon (3/15)

Altars:
Makhleb
Trog


Innate Abilities, Weirdness & Mutations

You have hooves in place of feet.
Armour fits poorly on your strangely shaped body.
You cover ground very quickly.
You have extremely tough skin (AC +3).


Message History

* * * LOW HITPOINT WARNING * * *
You feel sick. You block the bat's attack. You block the bat's attack.
The gnoll hits you.
* * * LOW HITPOINT WARNING * * *
The bat hits you but does no damage.
Your shield and scale mail prevent you from hitting the bat.
* * * LOW HITPOINT WARNING * * *
You feel sick. You block the bat's attack. The bat hits you but does no damage.
You block the gnoll's attack.
You puncture the gnoll!
You kill the gnoll!
* * * LOW HITPOINT WARNING * * *
You feel sick. The bat barely misses you.
The kobold shoots a poisoned needle.
You block the poisoned needle.
You puncture the gnoll! You kick the gnoll.
The gnoll is severely wounded.
You block the bat's attack. You block the gnoll's attack.
You barely miss the gnoll.
The gnoll is severely wounded.
You die...

##.##....#..### ###
######....(## #
##..#...#### #
#..#.......# #
#....#.###.###
#.##.#........
###†..(...###.##
#####....#.##..##.#
#..@gK#.##.###.##.#
#..b.#####.##..##.##.#
...########)##...#..#.#
.#####.....#.)....##.#.#
..........(.......##...#
####...............##..##
#.....................
#...............###...
#.................#..#


You could see a gnoll, a bat and a kobold.

Vanquished Creatures
  A hound (D:2)
  2 gnolls
  5 adders
  An ooze (D:1)
  A worm (D:2)
  8 bats
  3 giant cockroaches
  5 goblins
  2 hobgoblins
  6 jackals
  A quokka (D:2)
  3 ball pythons
  A giant gecko (D:1)
  2 giant newts (D:1)
  9 kobolds
  9 rats
  A fungus (D:1)
60 creatures vanquished.

Notes
Turn   | Place    | Note
--------------------------------------------------------------
     0 | D:1      | Jerry the Centaur Fighter began the quest for the Orb.
     0 | D:1      | Reached XP level 1. HP: 19/19 MP: 1/1
   128 | D:1      | Reached XP level 2. HP: 19/26 MP: 2/2
   774 | D:1      | Reached skill level 1 in Dodging
   940 | D:1      | Reached XP level 3. HP: 31/31 MP: 3/3
  1376 | D:2      | Found a bloodstained altar of Trog.
  1558 | D:2      | Found a burning altar of Makhleb.
  1574 | D:2      | Reached XP level 4. HP: 15/38 MP: 4/4
  2377 | D:3      | Reached XP level 5. HP: 45/45 MP: 5/5
  2507 | D:3      | HP: 2/45 [poisoned by a kobold]
  2510 | D:3      | Succumbed to a kobold's poison

Action                   |  1- 3 |  4- 6 || total
-------------------------+-------+-------++-------
Melee: Trident           |   151 |   111 ||   262
  Use: Scroll            |     1 |     1 ||     2
  Eat: Chunk             |     1 |     3 ||     4
